 Dungeon Crawl Stone Soup version 0.28.0-47-ge53b351184 (webtiles) character file.

Game seed: 10567579252446960889

11 Zeld the Chopper (level 2, 0/27 HPs)
             Began as a Hill Orc Monk on May 2, 2022.
             Killed by nerve-wracking pain
             ... invoked by a shadow imp
              (4 damage)
             ... on level 3 of the Dungeon.
             The game lasted 00:01:06 (811 turns).

Zeld the Chopper (Hill Orc Monk)                     Turns: 811, Time: 00:01:07

Health: 0/27       AC:  2    Str: 13    XL:     2   Next: 29%
Magic:  2/2        EV: 12    Int: 10    God:
Gold:   32         SH:  0    Dex: 13    Spells: 1/1 levels left

rFire   . . .      SeeInvis .   a - +0 hand axe
rCold   . . .      Faith    .   (no shield)
rNeg    . . .      Spirit   .   b - +0 robe
rPois   .          Reflect  .   (no helmet)
rElec   .          Harm     .   (no cloak)
rCorr   .          Rampage  .   (no gloves)
Will    .....                   (no boots)
Stlth   ++........              (no amulet)
HPRegen 0.09/turn               (no ring)
MPRegen 0.08/turn               (no ring)

@: no status effects
A: no striking features
a: no special abilities


You were on level 3 of the Dungeon.
You visited 1 branch of the dungeon, and saw 3 of its levels.

You collected 32 gold pieces.

Inventory:

Hand Weapons
 a - a +0 hand axe (weapon)
Armour
 b - a +0 robe (worn)
Scrolls
 c - a scroll of immolation {unknown}
 f - a scroll of enchant armour {unknown}
Potions
 d - 2 potions of degeneration {unknown}
 e - a potion of mutation {unknown}


   Skills:
 * Level 3.9 Fighting
 * Level 4.2 Axes
 + Level 0.5 Armour
 + Level 2.4 Dodging
 + Level 1.7 Stealth


You had one spell level left.
You didn't know any spells.
Your spell library was empty.

Dungeon Overview and Level Annotations

Branches:
Dungeon (3/15)

Altars:
Kikubaaqudgha

Shops:
D:2 *


Message History

You hit the ball python.
You kill the ball python!
You closely miss the kobold. The kobold hits you with a +0 whip.
You are too injured to fight recklessly!
You are too injured to fight recklessly!
You are too injured to fight recklessly!
You hit the kobold.
You kill the kobold!
Things that are here:
a +0 whip; 3 stones You start resting.
You start resting.
HP restored.
f - a scroll labelled ODDYAP GUNYEQ A shadow imp comes into view.
Found an ancient bone altar of Kikubaaqudgha.
The shadow imp shouts, "Accept thy fall, thou mangled flat-headed skainsmate!"
Found 5 poisoned darts.
A shadow imp is nearby!
The shadow imp closely misses you.
You closely miss the shadow imp. The shadow imp hits you.
You completely miss the shadow imp.
You punch the shadow imp, but do no damage.
The shadow imp gestures at you.
You barely resist. You hit the shadow imp.
The shadow imp is lightly wounded.
The shadow imp hits you. x2
You hit the shadow imp.
The shadow imp is moderately wounded.
A frilled lizard comes into view.
The shadow imp gestures at you. Pain shoots through your body!
* * * LOW HITPOINT WARNING * * *
You are too injured to fight recklessly!
You are too injured to fight recklessly!
You are too injured to fight recklessly!
The shadow imp gestures at you. Pain shoots through your body!
You die...

..... .≈≈≈≈≈.≈.# .≈...≈.≈.#
.≈._...≈.# ##+##
.≈...≈.≈.###..)## #######
.≈≈≈≈§.≈..#.....## #.....
.(.....≈.#.......## #.#.##
≈≈≈≈≈§§........)..###...<##.#
..........5.@.....'..........
.#....#l#.........###....##.#
##.##.###.......## #.#.## # #
## ##.....## #..... ##...##
###.### ##+## #.# #.#


You could see a shadow imp and a frilled lizard (wandering).

Vanquished Creatures
  2 endoplasms
  3 goblins (D:2)
  2 quokkas (D:2)
  A ball python (D:3)
  2 kobolds
10 creatures vanquished.

Notes
Turn   | Place    | Note
-------+----------+-------------------------------------------
     0 | D:1      | Zeld the Hill Orc Monk began the quest for the Orb.
     0 | D:1      | Reached XP level 1. HP: 19/19 MP: 1/1
   219 | D:2      | Reached XP level 2. HP: 16/27 MP: 2/2
   362 | D:2      | Found Asefo's General Store.
   799 | D:3      | Found an ancient bone altar of Kikubaaqudgha.
   811 | D:3      | Killed from afar by a shadow imp

Illustrated notes

Levels and vault maps discovered:
D:1:      roderic_crossed_star, layout_loops_ring,
          ebering_ecumenical_altar_sacrificial
D:2:      layout_basic, serial_shops, shop, kennysheep_small_spiral,
          minmay_misc_feat_more_columns, kennysheep_jessica_study
D:3:      layout_loops_corners, mainiacjoe_overflow_concentric_impassable,
          kennysheep_generic_room_13, uniq_jessica

Action                   || total
-------------------------++-------
Melee: Hand axe          ||    34
       Punch             ||     1
Armor: Robe              ||     7
Dodge: Dodged            ||    24
